Map: King's Cove LE

Players

Mez

  • Race: Terran Terran
  • League: Master
  • Spawn Location: 5:00

Haloman - Winner!

  • Race: Terran Terran
  • League: Master
  • Spawn Location: 11:00

VOD

Have the link to the VOD?

Description

Time

  • Played on: July 28, 2019, 7:25 a.m.
  • Length: 6:58
Show
View Real Time Build Order
Export as new Build Order

Mez Terran 

Build Orders:  

Get SALT Encoding   

  12  0:00  SCV  
  13  0:13  SCV  
  14  0:18  Supply Depot  
  14  0:25  SCV  
  15  0:40  SCV  
  15  0:42  Barracks  
  16  0:46  Refinery  
  16  0:52  SCV  
  17  1:01  Barracks  
  17  1:05  SCV  
  18  1:15  Refinery  
  18  1:20  SCV  
  19  1:31  Reaper  
  20  1:35  Orbital Command  
  20  1:48  Reaper  
  20  1:49  Supply Depot  
  21  2:01  SCV  
  22  2:03  Reaper  
  23  2:13  SCV  
  24  2:20  Reaper  
  25  2:32  Command Center  
  24  2:50  Reaper  
  25  2:51  SCV  
  25  2:54  Factory  
  25  2:55  Supply Depot  
  25  3:13  SCV, Barracks Tech Lab  
  26  3:23  Barracks Reactor  
  26  3:26  SCV  
  27  3:32  Stimpack  
  27  3:33  Marine  
  28  3:39  SCV  
  26  3:56  SCV  
  27  4:02  Marine  
  27  4:03  Marine x2  
  27  4:05  Factory Reactor  
  27  4:06  Starport  
  27  4:09  SCV, Orbital Command  
  30  4:12  Barracks  
  30  4:20  Marine  
  30  4:21  SCV  
  32  4:24  Marine x2  
  34  4:33  SCV  
  34  4:36  SCV  
  34  5:00  SCV x2  
  34  5:06  Marine  
  34  5:07  Marine x2  
  37  5:11  Medivac x2  
  37  5:12  Barracks Reactor  
  41  5:18  SCV x2  
  42  5:30  SCV x2  
  44  5:38  Combat Shield, Supply Depot  
  44  5:39  Marine  
  44  5:41  Command Center  
  44  5:42  SCV x2  
  47  5:54  SCV x2  
  47  5:55  Marine x4  
  53  5:59  Medivac x2  
  56  6:09  Engineering Bay  
  56  6:10  SCV x2  
  56  6:16  Marine x2  
  56  6:17  Marine x3  
  56  6:26  SCV  
  51  6:34  Marine x3  
  51  6:39  Marine x2  
Show
View Real Time Build Order
Export as new Build Order

Haloman Terran - Winner!

Build Orders:  

Get SALT Encoding   

  12  0:00  SCV  
  13  0:13  SCV  
  14  0:18  Supply Depot  
  14  0:25  SCV  
  15  0:29  Refinery  
  15  0:40  SCV  
  16  0:50  Barracks  
  16  0:54  SCV  
  17  1:02  Refinery  
  17  1:06  SCV  
  18  1:18  SCV  
  19  1:37  Reaper, Orbital Command  
  20  1:42  Factory  
  20  1:52  Supply Depot  
  20  2:03  SCV  
  21  2:09  Reaper  
  23  2:15  SCV  
  23  2:26  Hellion  
  23  2:29  SCV  
  26  2:37  Command Center  
  26  2:44  SCV  
  26  2:48  Supply Depot  
  27  3:00  Hellion  
  27  3:01  Reaper, SCV  
  30  3:06  Starport  
  27  3:15  SCV  
  28  3:23  Hellion  
  30  3:31  SCV  
  30  3:33  Reaper  
  28  3:50  SCV  
  28  3:51  Hellion  
  28  3:52  Starport Tech Lab  
  30  4:03  SCV  
  30  4:05  Barracks Reactor  
  31  4:13  Cloaking Field, Banshee  
  31  4:15  SCV  
  35  4:20  Orbital Command  
  35  4:22  Refinery  
  35  4:26  Barracks  
  35  4:27  Barracks  
  35  4:28  SCV  
  36  4:37  Engineering Bay  
  36  4:40  SCV  
  37  4:50  SCV  
  37  4:52  SCV  
  39  5:02  SCV  
  39  5:03  Banshee  
  43  5:11  SCV  
  44  5:20  Factory Tech Lab  
  43  5:22  Barracks Reactor x2  
  43  5:25  SCV  
  43  5:27  SCV  
  43  5:29  Command Center, Supply Depot  
  43  5:30  Marine  
  43  5:31  Marine  
  43  5:37  SCV  
  43  5:42  SCV  
  45  5:43  Missile Turret  
  45  5:44  Missile Turret  
  46  5:53  Siege Tank  
  46  5:55  SCV  
  49  6:06  SCV  
  50  6:11  Marine x3  
  50  6:12  Marine x2  
  50  6:13  Viking  
  50  6:14  Viking  
  50  6:16  SCV  
  60  6:29  Marine x2, Supply Depot  
  60  6:31  Marine x2  
Tags
 
Add a new tag
Caveats
  • Supply blocks, unpowered buildings, or Contaminate may cause inaccurate times.
  • Supply counts are checked every 10 seconds.